 Dungeon Crawl Stone Soup version 0.30-a0-800-g7c544603b3 (webtiles) character file.

Game seed: 4226659931754993057

138 Aneyh the Trooper (level 5, -1/34 HPs)
             Began as a Tengu Monk on Feb 22, 2023.
             Slain by a kobold
             ... wielding a +0 short sword
              (2 damage)
             ... on level 4 of the Dungeon.
             The game lasted 00:07:20 (3232 turns).

Aneyh the Trooper (Tengu Monk)                      Turns: 3232, Time: 00:07:21

Health: -1/34      AC:  5    Str: 13    XL:     5   Next: 21%
Magic:  3/6        EV: 16    Int: 13    God:
Gold:   113        SH:  0    Dex: 17    Spells: 1/4 levels left

rFire   . . .      SeeInvis .    a - +5 hand axe of the Lettuce {drain, Contam Will+ rCorr Int+3}
rCold   . . .      Faith    .    (no shield)
rNeg    . . .      Spirit   .    b - +0 robe
rPois   .          Reflect  .    c - +2 hat
rElec   .          Harm     .    (no cloak)
rCorr   +          Rampage  .    m - +0 pair of gloves
Will    +....                    (boots unavailable)
Stlth   ++                       (no amulet)
HPRegen 0.25/turn                (no ring)
MPRegen 0.10/turn                (no ring)

@: flying quickly and evasively, quick
A: beak, talons 3, nimble flight
a: no special abilities


You were on level 4 of the Dungeon.
You visited 1 branch of the dungeon, and saw 4 of its levels.

You collected 113 gold pieces.

Inventory:

Hand Weapons
 a - the +5 hand axe of the Lettuce (weapon) {drain, Contam Will+ rCorr Int+3}
   (You found it on level 2 of the Dungeon)

   Int:       It affects your intelligence (+3).
   Contam:    It causes magical contamination when unequipped.
   rCorr:     It protects you from acid and corrosion.
   Will:      It increases your willpower.
 n - a +0 spear
 t - a +0 trident
Armour
 b - a +0 robe (worn)
 c - a +2 hat (worn)
 l - a +0 leather armour
 m - a +0 pair of gloves (worn)
Jewellery
 s - a +5 ring of evasion
 w - a ring of see invisible
Wands
 r - a wand of mindburst (9) (quivered)
 u - a wand of quicksilver (8)
Scrolls
 e - 2 scrolls of poison
 j - a scroll of identify
 p - a scroll of teleportation
 v - a scroll of fog {unknown}
Potions
 d - 2 potions of curing {unknown}
 g - a potion of berserk rage {unknown}
 h - 2 potions of brilliance {unknown}
 i - a potion of lignification {unknown}
 o - 2 potions of degeneration {unknown}
 q - 2 potions of heal wounds {unknown}
 x - a potion of might {unknown}
 z - a potion of haste {unknown}


   Skills:
 + Level 4.8 Fighting
 - Level 3.2 Polearms
 - Level 3.2 Dodging
 - Level 2.0 Stealth
 * Level 3.4 Summonings


You had one spell level left.
You knew the following spells:

 Your Spells              Type           Power      Damage    Failure   Level
a - Call Canine Familiar  Summ           9%         N/A       22%         3

Your spell library contained the following spells:

 Spells                   Type           Power      Damage    Failure   Level
 Summon Small Mammal      Summ           36%        N/A       8%          1
 Necrotise                Necr           0%         1d4       30%         1
 Summon Guardian Golem    Hex/Summ       4%         N/A       43%         3
 Ignite Poison            Fire/Tmut/Pois 0%         N/A       67%         3
 Sticky Flame             Conj/Fire      0%         2d3       97%         4
 Ignition                 Fire           0%         3d3       100%        8


Dungeon Overview and Level Annotations

Branches:
Dungeon (4/15)
 Temple: D:4-7

Altars:

Shops:
D:1 =(*[(


Innate Abilities, Weirdness & Mutations

You have a beak for a mouth.
You have claws for feet.
Your magical nature lets you fly swiftly and evasively.


Message History

You kill the kobold!
You hit the orc but do no damage. You drain the orc.
An orc comes into view. It is wielding a +0 club.
The orc closely misses you. The orc wizard casts a spell at you.
The magic dart hits you. The orc hits you with a +0 club.
You see here a +0 dagger.
You barely miss the orc. You claw the orc, but do no damage.
The orc is heavily wounded.
The orc wizard points at you and mumbles some strange words.
The magic dart hits you! The orc hits you with a +0 club.
A kobold comes into view. It is wielding a +0 short sword.
Casting: Call Canine Familiar (quite dangerous; 22% risk of failure)
Confirm with . or Enter, or press ? or * to list all spells.
The spell is quite dangerous to miscast (22% risk of failure)!
Continue anyway?
The orc completely misses you.
You hit the orc but do no damage. You drain the orc.
You kill the orc!
A gnoll bouda comes into view. It is wielding a +0 club.
Your hound misses the orc. The orc closely misses you.
Your hound closely misses the orc.
Your hound bites the orc.
The orc hits your hound but does no damage.
The orc wizard casts a spell at you. The magic dart hits your hound.
The kobold throws a stone.
The stone barely misses you.
Your hound bites the orc wizard but does no damage.
The orc wizard hits you but does no damage.
The orc barely misses you.
Your hound closely misses the orc wizard.
You completely miss the orc wizard. Your peck misses the orc wizard.
You closely miss the orc. You closely miss the kobold.
You hear the slow hiss of an avalanche of sand nearby.
Your hound closely misses the orc wizard.
The orc closely misses you.
The orc wizard points at you and mumbles some strange words.
The puff of flame hits you!
* * * LOW HITPOINT WARNING * * *
The kobold hits you with a +0 short sword.
You die...

#....# ..
#..#.#g.# ...
#..#.#..# #..#
#..#.#..#
#......#.#..#
.#...####.#..#
...#......#..#
##>...K..##..#
.......@h....#
##.....oo###.#
#...........#
#...........#
#...........#
#...........#
...............
############.###
..


You could see an orc wizard (ally target), an orc, a kobold and a friendly hound
(summoned).

Vanquished Creatures
  A jelly (D:4)
  Ijyb (D:3)
  2 adders (D:2)
  3 worms
  A dart slug (D:3)
  An orc (D:4)
  5 ball pythons
  7 endoplasms
  3 giant cockroaches
  2 goblins (D:2)
  3 hobgoblins
  5 jackals (D:1)
  5 bats
  3 frilled lizards
  7 kobolds
  3 rats (D:2)
52 creatures vanquished.

Vanquished Creatures (collateral kills)
  A rat (D:3)
1 creature vanquished.

Vanquished Creatures (others)
  A plant (D:3)
1 creature vanquished.

Grand Total: 54 creatures vanquished

Notes
Turn   | Place    | Note
-------+----------+-------------------------------------------
     0 | D:1      | Aneyh the Tengu Monk began the quest for the Orb.
     0 | D:1      | Reached XP level 1. HP: 14/14 MP: 2/2
    75 | D:1      | Found Utynier's Jewellery Boutique.
   248 | D:1      | Reached skill level 1 in Summonings
   436 | D:1      | Reached XP level 2. HP: 15/19 MP: 3/3
   528 | D:1      | Found Saniagek's Weapon Shoppe.
   804 | D:1      | Found Doetia's Assorted Antiques.
   813 | D:1      | Found Fuxutz's Antique Armour Shoppe.
   818 | D:1      | Found Hurch's Weapon Boutique.
  1155 | D:2      | Reached XP level 3. HP: 21/24 MP: 4/4
  1305 | D:2      | Identified the +5 hand axe of the Lettuce {drain, Contam
                  | Will+ rCorr Int+3}
  1747 | D:2      | Reached skill level 4 in Fighting
  1910 | D:2      | Reached XP level 4. HP: 29/29 MP: 5/5
  1914 | D:2      | Learned a level 3 spell: Call Canine Familiar
  2367 | D:3      | Noticed Ijyb
  2376 | D:3      | Killed Ijyb
  2616 | D:3      | Found a faded altar of an unknown god.
  2656 | D:3      | Got Plato's Verses on the Morgue
  3201 | D:4      | Gained mutation: Your magical nature lets you fly swiftly
                  | and evasively. [Tengu growth]
  3201 | D:4      | Reached XP level 5. HP: 33/34 MP: 6/6
  3232 | D:4      | HP: 1/34 [orc wizard/puff of flame (15)]
  3232 | D:4      | Slain by a kobold

Illustrated notes

Levels and vault maps discovered:
D:1:      nicolae_arrival_somewhat_less_tricky_arrival, layout_basic,
          serial_rivers, chequers_serial_rivers_room_a,
          chequers_serial_rivers_small_a, chequers_serial_rivers_marsh,
          chequers_serial_rivers_micro_c, serial_shops, shop_statue, shop,
          nicolae_shop_advertising_works [nicolae_subvault_shop_adworks],
          nicolae_shop_hallway_stairs, shop, minmay_heptomino_l4
D:2:      layout_basic
D:3:      layout_basic, shapermc_ecumenical_altar_rom_forum,
          chequers_serial_rivers_large_b, solitary_fountain,
          serial_bayou_ford_a, minivault_23, uniq_ijyb
D:4:      cheibrodos_helix_gallery, layout_basic, xom_butterflies,
          nicolae_ossuary_entry_ruins

Skill      XL: |  1  2  3  4 |
---------------+-------------+-----
Summonings     | 1 2 3 |  3.4
Fighting       | 4 |  4.8
Polearms       | |  3.2
Dodging        | |  3.2
Stealth        | |  2.0

Action                     |  1- 3 |  4- 6 || total
---------------------------+-------+-------++-------
  Melee: Spear             |    76 |       ||    76
         Kick              |    20 |     8 ||    28
         Peck              |    11 |     2 ||    13
         Hand axe          |    17 |    33 ||    50
  Throw: Dart              |     6 |       ||     6
   Cast: Call Canine Famil |       |     4 ||     4
    Use: Potion            |     1 |       ||     1
         Scroll            |       |     4 ||     4
   Stab: Sleeping          |     6 |     2 ||     8
         Distracted        |       |     1 ||     1
 Armour: Robe              |    14 |     5 ||    19
  Dodge: Dodged            |    57 |    25 ||    82

Table legend: (Time is in decaauts)
 A = Elapsed time spent in this place.
 B = Non-inter-level travel time spent in this place.
 C = Inter-level travel time spent in this place.
 D = Time resting spent in this place.
 E = Time spent auto-exploring this place.
 F = Levels seen in this place.
 G = Mean time per level.
                   A        B        C        D        E       F      G
               +--------+--------+--------+--------+--------+-----+--------+
         Total |   3279 |   3174 |    105 |    351 |   2359 |   4 |  819.8 |
       Dungeon |   3279 |   3174 |    105 |    351 |   2359 |   4 |  819.8 |
               +--------+--------+--------+--------+--------+-----+--------+

Top non-repeatable levels by time:
     D:2: 1171 daAuts
     D:1: 1058 daAuts
     D:3: 1000 daAuts
     D:4: 49 daAuts
